 Dungeon Crawl Stone Soup version 0.29.1-15-g9cfb28693d (webtiles) character file.

Game seed: 13547773031777056614

4502 fleckyhenry the Grappler (level 10, -4/96 HPs)
             Began as a Troll Monk on Mar 31, 2023.
             Was a High Priest of Nemelex Xobeh.
             Slain by a blink frog (13 damage)
             ... in a bailey.
             The game lasted 00:13:20 (4941 turns).

fleckyhenry the Grappler (Troll Monk)               Turns: 4941, Time: 00:13:23

Health: -4/96      AC:  4    Str: 31    XL:     10   Next: 16%
Magic:  9/9        EV: 16    Int:  6    God:    Nemelex Xobeh [*****.]
Gold:   508        SH:  0    Dex: 12    Spells: 9/9 levels left

rFire   . . .      SeeInvis .     - Unarmed
rCold   . . .      Faith    .   (no shield)
rNeg    . . .      Spirit   .   a - +0 robe
rPois   .          Reflect  .   q - +0 hat
rElec   .          Harm     .   (no cloak)
rCorr   .          Rampage  .   (gloves unavailable)
Will    .....                   (boots unavailable)
Stlth   ++........              (no amulet)
HPRegen 1.06/turn               g - +6 ring of strength
MPRegen 0.11/turn               p - +4 ring of evasion

@: no status effects
A: large, unfitting armour, claws 3, regeneration 1, shaggy fur 1, tough skin 1
a: Renounce Religion, Draw Escape, Draw Destruction, Draw Summoning, Triple
Draw, Deal Four, Stack Five


You were in a bailey.
You worshipped Nemelex Xobeh.
Nemelex Xobeh was extremely pleased with you.
You visited 1 branch of the dungeon, and saw 7 of its levels.
You also visited: Bailey.

You collected 508 gold pieces.

Inventory:

Armour
 a - a +0 robe (worn)
 q - a +0 hat (worn)
 z - a +0 helmet
Jewellery
 g - a +6 ring of strength (left claw)
 i - a ring of ice
 m - a ring of fire
 p - a +4 ring of evasion (right claw)
 u - an amulet of magic regeneration
 v - a +4 ring of evasion
 w - a +6 ring of intelligence
 A - a +6 ring of intelligence
Wands
 n - a wand of mindburst (3)
 y - a wand of flame (26)
 E - a wand of charming (11)
Scrolls
 c - 6 scrolls of identify
 e - 2 scrolls of enchant weapon
 r - a scroll of magic mapping
 C - a scroll of teleportation
 D - a scroll of fear {unknown}
 F - a scroll of summoning
 G - a scroll of silence {unknown}
Potions
 b - a potion of ambrosia
 d - 3 potions of brilliance {unknown}
 f - 2 potions of degeneration {unknown}
 h - 3 potions of curing {unknown}
 j - 2 potions of cancellation {unknown}
 k - a potion of invisibility {unknown}
 l - a potion of lignification {unknown}
 o - a potion of heal wounds {unknown}
 s - 4 potions of haste {unknown}
 t - 2 potions of attraction {unknown}
 x - a potion of resistance {unknown}
 B - a potion of mutation {unknown}


   Skills:
 + Level 5.1 Fighting
 + Level 6.3 Dodging
 - Level 1.8 Stealth
 + Level 12.1 Unarmed Combat


You had 9 spell levels left.
You didn't know any spells.
Your spell library contained the following spells:

 Spells                   Type           Power      Damage    Failure   Level
 Gell's Gravitas          Tloc           0%         N/A       83%         3
 Inner Flame              Hex/Fire       0%         N/A       83%         3
 Teleport Other           Tloc           0%         N/A       83%         3
 Cause Fear               Hex            0%         N/A       99%         4
 Dispersal                Tloc           0%         N/A       100%        6
 Dragon Form              Tmut           0%         N/A       100%        7
 Discord                  Hex            0%         N/A       100%        8
 Dragon's Call            Summ           0%         N/A       100%        9


Dungeon Overview and Level Annotations

Branches:
Dungeon (7/15)             Temple (0/1) D:5          Bailey (1/1)

Altars:
Elyvilon
Kikubaaqudgha
Makhleb
Nemelex Xobeh
Qazlal
Wu Jian
Xom

Shops:
D:4 :


Innate Abilities, Weirdness & Mutations

You are too large for most types of armour.
You have claws for hands.
Your natural rate of healing is unusually fast.
You are covered in fur. (AC +1)
You have tough skin. (AC +1)


Message History

There is an open door, spattered with blood here.
Items here: )) [[ †††††††.
You enter the shallow water.
Moving in this stuff is going to be slow.
You enter the shallow water.
Moving in this stuff is going to be slow.
You open the door.
A vault guard and a blink frog come into view.
The blink frog gives a loud, deep croak!
Found four items.
Found a gate leading back out of this place.
The blink frog blinks!
The blink frog blinks!
There is an open door, spattered with blood here.
Items here: )) [[ †††††††.
The blink frog blinks!
You see here a bullfrog corpse.
The vault guard misses you.
You barely miss the vault guard.
The vault guard hits you with a +0 broad axe!!
You mangle the vault guard!!
The vault guard is moderately wounded.
The vault guard hits you with a +0 broad axe!!
You barely miss the vault guard.
The vault guard is moderately wounded.
The blink frog blinks!
You closely miss the vault guard.
The vault guard is moderately wounded.
The vault guard closely misses you.
You mangle the vault guard!!
The vault guard is severely wounded.
The vault guard hits you with a +0 broad axe!!
The blink frog hits you.
You mangle the vault guard!!
The vault guard is almost dead.
The vault guard hits you with a +0 broad axe!!
* * * LOW HITPOINT WARNING * * *
The blink frog hits you!
You die...
Your body glows with a rainbow of weird colours and disappears.

## ###.+ ##~.≈# ##~~.≈#
#~~~.≈## #~..~≈###
######### .
#.~.~≈≈####≈≈#....##
..#..~~~~≈≈≈≈~~#†....##
..'....~.~~~~..p@F#...#
..#............#†.#...# .
#.......~~≈≈≈#..##..#
#~~......~≈#######...#
#≈~~~~~~~~~≈##)).....#####
##≈~~~~~~~~~≈#.)....##...##
##≈≈~~~~~≈≈##)#....+..∩..#
###≈≈≈≈≈###..######.....#
#######....##~~~'..∩..#


You could see a vault guard and a blink frog.

Vanquished Creatures
  Joseph (D:7)
  Prince Ribbit (D:5)
  Grinder (D:3)
  A yak (D:6)
  A steam dragon (D:6)
  A water moccasin (D:5)
  Duvessa (D:4)
  An ice beast (D:7)
  An orc warrior (D:7)
  A sky beast (D:7)
  4 ogres
  19 bullfrogs
  2 necrophages (D:6)
  5 scorpions
  Dowan (D:4)
  4 crimson imps (D:5)
  2 jellies
  3 orc priests (D:5)
  5 hounds
  Jessica (D:2)
  5 iguanas
  Natasha (D:3)
  4 orc wizards
  2 gnolls (Bailey)
  9 adders
  A shadow imp (D:6)
  3 white imps
  3 ufetubi
  2 dart slugs
  33 orcs
  9 ball pythons
  4 bats
  6 endoplasms
  5 giant cockroaches
  10 goblins
  12 hobgoblins
  3 jackals (D:1)
  7 kobolds
  A quokka (D:4)
  12 rats
188 creatures vanquished.

Vanquished Creatures (others)
  An orc (D:6)
1 creature vanquished.

Grand Total: 189 creatures vanquished

Notes
Turn   | Place    | Note
-------+----------+-------------------------------------------
     0 | D:1      | fleckyhenry the Troll Monk began the quest for the Orb.
     0 | D:1      | Reached XP level 1. HP: 22/22 MP: 0/0
   199 | D:1      | Reached XP level 2. HP: 27/29 MP: 1/1
   485 | D:1      | Reached XP level 3. HP: 36/36 MP: 2/2
   496 | D:1      | Found a faded altar of an unknown god.
   760 | D:1      | Prayed at the altar of an unknown god.
   760 | D:1      | Became a worshipper of Nemelex Xobeh the Trickster
   760 | D:1      | Reached * piety under Nemelex Xobeh
   760 | D:1      | Received a gift from Nemelex Xobeh
   760 | D:1      | Reached ** piety under Nemelex Xobeh
   760 | D:1      | Received a gift from Nemelex Xobeh
   961 | D:2      | Reached *** piety under Nemelex Xobeh
   964 | D:2      | Noticed Jessica
   968 | D:2      | Killed Jessica
   969 | D:2      | Reached XP level 4. HP: 45/45 MP: 3/3
  1310 | D:2      | Received a gift from Nemelex Xobeh
  1440 | D:2      | Reached skill level 4 in Unarmed Combat
  1663 | D:3      | Noticed Grinder
  1673 | D:3      | Killed Grinder
  1674 | D:3      | Reached skill level 5 in Unarmed Combat
  1674 | D:3      | Reached XP level 5. HP: 49/53 MP: 4/4
  1674 | D:3      | Reached XP level 6. HP: 57/61 MP: 5/5
  2000 | D:3      | Received a gift from Nemelex Xobeh
  2205 | D:3      | Noticed Natasha
  2208 | D:3      | Killed Natasha
  2273 | D:4      | Found Lomoxokk's Book Emporium.
  2297 | D:4      | Noticed Dowan
  2299 | D:4      | Reached **** piety under Nemelex Xobeh
  2299 | D:4      | Noticed Duvessa
  2317 | D:4      | Killed Duvessa
  2318 | D:4      | Reached skill level 6 in Unarmed Combat
  2324 | D:4      | Killed Dowan
  2325 | D:4      | Reached XP level 7. HP: 44/67 MP: 6/6
  2501 | D:4      | Received a gift from Nemelex Xobeh
  2697 | D:5      | Entered Level 5 of the Dungeon
  2891 | D:5      | Received a gift from Nemelex Xobeh
  2921 | D:5      | Found a staircase to the Ecumenical Temple.
  2921 | D:5      | Noticed Prince Ribbit
  2927 | D:5      | Killed Prince Ribbit
  2928 | D:5      | Reached skill level 7 in Unarmed Combat
  3006 | D:5      | Identified the +10 shortbow "Starlight" {speed, rF++ Str-3
                  | SInv Stlth+}
  3062 | D:5      | Found a shimmering altar of Xom.
  3070 | D:5      | Reached XP level 8. HP: 73/78 MP: 7/7
  3089 | D:5      | Reached skill level 8 in Unarmed Combat
  3263 | D:5      | Found a stormy altar of Qazlal.
  3520 | D:6      | Found a white marble altar of Elyvilon.
  3550 | D:6      | Reached skill level 9 in Unarmed Combat
  3629 | D:6      | Reached skill level 5 in Dodging
  3639 | D:6      | Reached XP level 9. HP: 51/85 MP: 8/8
  3839 | D:6      | Reached skill level 10 in Unarmed Combat
  3987 | D:6      | Received a gift from Nemelex Xobeh
  4017 | D:6      | Found a burning altar of Makhleb.
  4089 | D:6      | Reached ***** piety under Nemelex Xobeh
  4250 | D:6      | Found a sparkling altar of Nemelex Xobeh.
  4254 | D:6      | Found an ornate altar of the Wu Jian Council.
  4257 | D:6      | Found an ancient bone altar of Kikubaaqudgha.
  4350 | D:7      | Noticed Joseph
  4365 | D:7      | Killed Joseph
  4366 | D:7      | Reached skill level 11 in Unarmed Combat
  4692 | D:7      | Found a flagged portal.
  4706 | Bailey   | Entered a bailey
  4798 | Bailey   | Reached XP level 10. HP: 90/94 MP: 9/9
  4806 | Bailey   | Reached skill level 5 in Fighting
  4817 | Bailey   | Reached skill level 12 in Unarmed Combat
  4916 | Bailey   | Noticed a vault guard
  4941 | Bailey   | Slain by a blink frog

Illustrated notes

Levels and vault maps discovered:
D:1:      onia_arrival_mini_maze_b, layout_basic, nicolae_ecumenical_lake_church
D:2:      layout_basic, uniq_jessica
D:3:      layout_loops_ring, uniq_grinder, uniq_natasha
D:4:      layout_rooms, serial_shops, nicolae_shop_stone,
          chequers_hall_statues_y, uniq_duvessa
D:5:      layout_basic, led_xom_imps, grunt_qazlal_sundering, temple_green,
          grunt_ministairs_13, uniq_prince_ribbit1
D:6:      layout_rooms, elyvilon_altar_5, mainiacjoe_overflow_brackets,
          minmay_overflow_temple_star_quad, nzn_random_ring
D:7:      layout_loops_ring, serial_shops, nicolae_shop_bloodbath_and_beyond,
          enter_bailey_4, amethyst_killhole, minmay_misc_feat_roman, uniq_joseph
Bailey:   bailey_axe_froggy_fort_hellmonk, bailey

Skill      XL: |  1  2  3  4  5  6  7  8  9 10 |
---------------+-------------------------------+-----
Fighting       | 3 4 5 |  5.1
Dodging        | 3 4 5 6 |  6.3
Unarmed Combat | 5 6 7 9 11 12 | 12.1
Stealth        | |  1.8

Action                   |  1- 3 |  4- 6 |  7- 9 | 10-12 || total
-------------------------+-------+-------+-------+-------++-------
Melee: Unarmed           |    75 |   120 |   241 |    40 ||   476
       Punch             |     3 |     1 |    11 |     1 ||    16
Invok: Draw Summoning    |       |     1 |       |       ||     1
       Draw Escape       |       |     1 |       |       ||     1
  Use: Scroll            |       |     1 |     5 |       ||     6
       Potion            |       |     1 |       |       ||     1
 Stab: Sleeping          |     2 |     1 |     5 |       ||     8
Armor: Robe              |    25 |    37 |    38 |     7 ||   107
Dodge: Dodged            |    31 |    63 |   169 |    34 ||   297
